 Dungeon Crawl Stone Soup version 0.29-a0-839-g4793fd635e (webtiles) character file.

Game seed: 14197777178456006893

931 Garessta the Caller (level 8, -2/69 HPs)
             Began as an Octopode Summoner on July 13, 2022.
             Slain by a lemure (9 damage)
             ... led by Pikel
             ... on level 4 of the Dungeon on July 14, 2022.
             The game lasted 00:23:00 (6294 turns).

Garessta the Caller (Octopode Summoner)             Turns: 6294, Time: 00:23:01

Health: -2/69      AC:  1    Str:  7    XL:     8   Next: 11%
Magic:  3/16       EV: 13    Int: 20    God:
Gold:   297        SH:  0    Dex: 12    Spells: 5/18 levels left

rFire   + . .      SeeInvis .   t - +2 dagger (venom)
rCold   . . .      Faith    .   (no shield)
rNeg    . . .      Spirit   .   (helmet restricted)
rPois   .          Reflect  .   (no amulet)
rElec   .          Harm     .   o - ring of protection from fire
rCorr   .          Rampage  .   f - ring of flight
Will    .....                   (no ring)
Stlth   ..........              (no ring)
HPRegen 0.21/turn               (no ring)
MPRegen 0.15/turn               (no ring)
                                (no ring)
                                (no ring)

@: berserking, flying, very quick
A: almost no armour, amphibious, 8 rings, camouflage 1, gelatinous body 1,
(nimble swimmer 1), tentacles
a: no special abilities


You were on level 4 of the Dungeon.
You visited 1 branch of the dungeon, and saw 5 of its levels.

You collected 297 gold pieces.

Inventory:

Hand Weapons
 t - a +2 dagger of venom (weapon)
Missiles
 m - 4 boomerangs (quivered)
Jewellery
 f - a ring of flight (right tentacle)
 j - an amulet of regeneration
 o - a ring of protection from fire (left tentacle)
 s - a ring of protection from fire
Scrolls
 c - a scroll of amnesia {unknown}
 e - 2 scrolls of noise {unknown}
 h - a scroll of fog
 i - 3 scrolls of fear {unknown}
 l - 2 scrolls of blinking {unknown}
 n - 2 scrolls of teleportation {unknown}
 q - 3 scrolls of immolation {unknown}
Potions
 a - 2 potions of magic
 b - 4 potions of curing
 g - 2 potions of might
 p - a potion of haste


   Skills:
 - Level 2.0 Dodging
 - Level 2.6 Stealth
 * Level 5.8 Spellcasting
 + Level 3.4 Hexes
 + Level 6.1 Summonings
 + Level 2.7 Air Magic


You had 5 spell levels left.
You knew the following spells:

 Your Spells              Type           Power      Damage    Failure   Level
a - Call Canine Familiar  Summ           30%        N/A       2%          3
b - Summon Guardian Gole  Hex/Summ       25%        N/A       4%          3
c - Summon Lightning Spi  Summ/Air       23%        N/A       17%         4
d - Call Imp              Summ           30%        N/A       1%          2
e - Summon Small Mammal   Summ           100%       N/A       1%          1

Your spell library contained the following spells:

 Spells                   Type           Power      Damage    Failure   Level
 Freezing Cloud           Conj/Ice/Air   4%         6-21      90%         5
 Dispersal                Tloc           2%         N/A       100%        6
 Simulacrum               Ice/Necr       2%         N/A       100%        6
 Disjunction              Tloc           2%         N/A       100%        8
 Polar Vortex             Ice            2%         N/A       100%        9


Dungeon Overview and Level Annotations

Branches:
Dungeon (5/15)
 Temple: D:4-7

Altars:
Kikubaaqudgha
Vehumet

Annotations:
D:5 Pikel


Innate Abilities, Weirdness & Mutations

You cannot wear most types of armour.
You are amphibious.
You can wear up to eight rings at the same time.
Your skin changes colour to match your surroundings (Stealth+).
Your rubbery body absorbs attacks. (AC +1, EV +1)
((You are camouflaged when in or above water. (Stealth+)))
You have tentacles for arms and can constrict up to eight enemies at once.


Message History

Your hound bites Pikel but does no damage.
The lemure hits your guardian golem but does no damage.
The lemure hits you!
* * * LOW HITPOINT WARNING * * *
Pikel hits your guardian golem with a +2 whip of flaming.
You feel much better.
Your hound bites Pikel.
The lemure hits your guardian golem but does no damage.
Your hound bites Pikel but does no damage.
The lemure hits you!
* * * LOW HITPOINT WARNING * * *
Pikel hits your guardian golem with a +2 whip of flaming.
Your hound bites Pikel.
The lemure hits your guardian golem.
Pikel hits your hound with a +2 whip of flaming.
Pikel burns your hound. The lemure attacks as you move away!
The lemure hits you.
* * * LOW HITPOINT WARNING * * *
Your hound bites Pikel.
The lemure completely misses your guardian golem.
Your hound bites Pikel but does no damage.
Your crimson imp hits the lemure.
Pikel barely misses your guardian golem.
The lemure attacks as you move away! The lemure closely misses you.
Your hound bites Pikel.
The lemure hits your guardian golem but does no damage.
Your crimson imp hits the lemure but does no damage.
Pikel hits your hound with a +2 whip of flaming!
Pikel burns your hound.
There is a stone staircase leading up here.
Your hound bites Pikel.
The lemure hits your guardian golem.
Your crimson imp closely misses the lemure.
Your hound bites Pikel but does no damage.
The lemure completely misses you.
Pikel says, "You'll feel the lick of my whip!"
Pikel hits your guardian golem with a +2 whip of flaming!
Pikel burns your guardian golem.
You fly upwards.
There is a stone staircase leading down here.
A red film seems to cover your vision as you go berserk!
You feel yourself moving faster!
You feel mighty! The lemure hits you!
You die...

### #.#######
#.......#
#.#####.# #.#
#.##### #.#
#......
#.###########
######............
#@5...............
#.################
#.##.............#
#..........#####.#
#.##.#####.# #.#
#.##.# #.# #.#
#.##.# #.# #.#
#.##.#####.# #.#
#.##.#...#.#####.#


You could see a lemure.

Vanquished Creatures
  Ijyb (D:4)
  An orc wizard (D:3)
  2 quokkas (D:1)
  2 bats (D:3)
6 creatures vanquished.

Vanquished Creatures (collateral kills)
  Sigmund (D:2)
  A scorpion (D:4)
  An orc priest (D:3)
  An iguana (D:4)
  Terence (D:3)
  4 orc wizards
  An adder (D:3)
  4 gnolls (D:2)
  2 ufetubi
  A worm (D:2)
  4 dart slugs
  11 orcs
  8 endoplasms
  2 giant cockroaches
  5 goblins
  4 hobgoblins
  4 jackals (D:4)
  7 kobolds
  3 quokkas
  8 ball pythons
  8 bats
  3 frilled lizards
  10 rats
94 creatures vanquished.

Vanquished Creatures (others)
  2 ogres
  2 orc priests (D:4)
  A gnoll bouda (D:4)
  A jelly (D:3)
  3 gnolls (D:4)
  An adder (D:5)
  A hobgoblin (D:3)
  A withered plant (D:3)
12 creatures vanquished.

Grand Total: 112 creatures vanquished

Notes
Turn   | Place    | Note
-------+----------+-------------------------------------------
     0 | D:1      | Garessta the Octopode Summoner began the quest for the Orb.
     0 | D:1      | Reached XP level 1. HP: 11/11 MP: 3/3
   250 | D:1      | Reached XP level 2. HP: 17/17 MP: 1/5
   268 | D:1      | Learned a level 2 spell: Call Imp
   570 | D:1      | Upgraded the game from 0.29-a0-837-g174bc33265 to
                  | 0.29-a0-839-g4793fd635e
   808 | D:1      | Reached XP level 3. HP: 21/21 MP: 6/6
   812 | D:1      | Learned a level 3 spell: Call Canine Familiar
  1243 | D:2      | Found a faded altar of an unknown god.
  1681 | D:2      | Reached XP level 4. HP: 27/27 MP: 0/8
  1699 | D:2      | Learned a level 3 spell: Summon Guardian Golem
  2196 | D:2      | Noticed Sigmund
  2221 | D:2      | Killed Sigmund
  2222 | D:2      | Reached skill level 1 in Hexes
  2222 | D:2      | Reached skill level 5 in Summonings
  2222 | D:2      | Reached XP level 5. HP: 26/31 MP: 2/11
  2222 | D:2      | Reached XP level 6. HP: 30/36 MP: 2/12
  2227 | D:2      | Learned a level 4 spell: Summon Lightning Spire
  2972 | D:3      | Reached skill level 1 in Air Magic
  3149 | D:3      | Noticed Terence
  3196 | D:3      | Killed Terence
  3341 | D:3      | Found a radiant altar of Vehumet.
  3708 | D:3      | Found an ancient bone altar of Kikubaaqudgha.
  3856 | D:4      | Reached XP level 7. HP: 41/41 MP: 11/14
  3878 | D:4      | Reached skill level 5 in Spellcasting
  4408 | D:4      | Noticed Ijyb
  4470 | D:4      | Killed Ijyb
  5488 | D:4      | Reached skill level 6 in Summonings
  5977 | D:5      | Entered Level 5 of the Dungeon
  6086 | D:5      | Reached XP level 8. HP: 46/46 MP: 10/16
  6261 | D:5      | Noticed Pikel
  6287 | D:5      | HP: 2/46 [lemure[Pikel] (10)]
  6294 | D:4      | Slain by a lemure

Illustrated notes

Levels and vault maps discovered:
D:1:      dpeg_arrival_subterranean_lakeside_camping, layout_basic, minivault_4
D:2:      layout_loops_ring, dreamdust_ecumenical_altar_angels_and_demons,
          serial_glass, glass_columns_b, glass_columns_b, glass_columns_a,
          glass_columns_a, glass_columns_b, dk_noncrumbling_3, uniq_sigmund
D:3:      kennysheep_six_static_rooms, layout_loops_ring,
          kiku_gazebo_garden_becter, mainiacjoe_overflow_alcove_2, nrook_uturn,
          uniq_terence
D:4:      layout_basic, minmay_misc_feat_room, minivault_25, uniq_ijyb
D:5:      layout_basic, minmay_temple_entry_purple_smoke, uniq_pikel,
          uniq_eustachio

Skill      XL: |  1  2  3  4  5  6  7 |
---------------+----------------------+-----
Spellcasting   | 3 4 5 |  5.8
Hexes          | 1 2 3 |  3.4
Summonings     | 5 6 |  6.1
Air Magic      | 1 2 |  2.7
Dodging        | |  2.0
Stealth        | |  2.6

Action                   |  1- 3 |  4- 6 |  7- 9 || total
-------------------------+-------+-------+-------++-------
Melee: Dagger            |     5 |     8 |     9 ||    22
       Tentacles         |     2 |     4 |     1 ||     7
       Unarmed           |     1 |       |       ||     1
       Constrict         |       |     1 |     2 ||     3
       Punch             |       |     1 |       ||     1
 Cast: Summon Small Mamm |    19 |     2 |       ||    21
       Call Imp          |    18 |     8 |     3 ||    29
       Call Canine Famil |     5 |    17 |    24 ||    46
       Summon Guardian G |       |     8 |    18 ||    26
       Summon Lightning  |       |     1 |     1 ||     2
  Use: Scroll            |       |     4 |     3 ||     7
       Potion            |       |       |     2 ||     2
 Stab: Sleeping          |     1 |       |       ||     1
       Distracted        |       |       |     1 ||     1
Armor: Skin              |     1 |     5 |       ||     6
Dodge: Dodged            |    11 |    27 |    18 ||    56

Table legend: (Time is in decaauts)
 A = Elapsed time spent in this place.
 B = Non-inter-level travel time spent in this place.
 C = Inter-level travel time spent in this place.
 D = Time resting spent in this place.
 E = Time spent auto-exploring this place.
 F = Levels seen in this place.
 G = Mean time per level.
                   A        B        C        D        E       F      G
               +--------+--------+--------+--------+--------+-----+--------+
         Total |   6294 |   6154 |    140 |    505 |   4295 |   5 | 1258.8 |
       Dungeon |   6294 |   6154 |    140 |    505 |   4295 |   5 | 1258.8 |
               +--------+--------+--------+--------+--------+-----+--------+

Top non-repeatable levels by time:
     D:4: 2143 daAuts
     D:2: 1377 daAuts
     D:3: 1326 daAuts
     D:1: 1131 daAuts
     D:5: 315 daAuts
